AoeStats
← adam

Arena

509152477Analyzed
4v4 RM · 6d ago on Sep 25, 2026· 40m 37s· 8 players
Game mode
Random Map
Map size
Large (8 player)
Population
200
Speed
Normal
Resources
Standard
Victory
Conquest
Starting age
Dark Age
Ending age
Imperial Age
RankedLock teamsTeams togetherTeam positionsShared explorationLock speedFull tech treeHidden civsTurbo modeCheats
Victory
Defeat
🇲🇽 Slavs · Mexico
1180
+14
🇧🇷 Khmer · Brazil
1142
+15
🇲🇽 Persians · Mexico
1125
+16
🇨🇳 Britons · China
1078
+18
🇦🇷 Britons · Argentina
1210
-19
🇹🇼 Portuguese · Taiwan
1161
-17
🇷🇺 Persians · Russia
1088
-14
🇹🇼 Franks · Taiwan
1058
-13
[BuluC]Not_the_Viper
4:57 Loom
10:25 Feudal Age
14:02 Castle Age
12:12 Double-Bit Axe
12:31 Horse Collar
15:08 Wheelbarrow
15:18 Heavy Plow
17:31 Fervor
19:21 Bow Saw
23:32 Stone Mining
30:59 Imperial Age
28:18 Town Watch
29:05 Hand Cart
29:16 Scale Barding Armor
29:25 Forging
29:18 Gold Mining
30:42 Gold Shaft Mining
30:31 Chain Barding Armor
30:30 Bloodlines
30:26 Husbandry
30:37 Cavalier
31:40 Conscription
31:58 Iron Casting
32:01 Savar
33:21 Plate Barding Armor
34:16 Blast Furnace
36:02 Fletching
36:12 Padded Archer Armor
40:04 Stone Shaft Mining
39:32 Scale Mail Armor
39:15 Light Cavalry
40:33 Leather Archer Armor
40:34 Chain Mail Armor
40:23 Caravan
40:54 Coinage
40:35 Guilds
41:04 Hoardings
40:24 Heavy Camel Rider
40:30 Hussar
L.A.
6:23 Loom
10:28 Feudal Age
14:43 Castle Age
12:50 Horse Collar
13:20 Double-Bit Axe
15:44 Bow Saw
15:51 Heavy Plow
19:13 Loom
20:04 Wheelbarrow
19:15 Town Watch
22:37 Hand Cart
22:44 Gold Mining
25:29 Gold Shaft Mining
25:11 Stone Mining
25:27 Town Patrol
28:31 Imperial Age
27:30 Masonry
28:00 Squires
27:20 Man-at-Arms
27:21 Pikeman
27:28 Man-at-Arms
28:11 Scale Mail Armor
28:21 Forging
28:05 Fletching
28:57 Husbandry
29:07 Bloodlines
28:18 Light Cavalry
29:20 Ballistics
28:23 Long Swordsman
29:21 Chain Mail Armor
29:02 Fletching
29:13 Onager
30:04 Halberdier
31:17 Conscription
31:33 Hoardings
30:29 Sappers
32:28 Two-Man Saw
32:04 Crop Rotation
32:19 Detinets
32:44 Siege Onager
34:50 Plate Mail Armor
34:55 Iron Casting
34:16 Bodkin Arrow
34:21 Padded Archer Armor
34:27 Scale Barding Armor
38:18 Chemistry
37:28 Siege Engineers
38:17 Druzhina
39:22 Blast Furnace
38:38 Leather Archer Armor
38:37 Fortified Wall
40:23 Two-Handed Swordsman
40:25 Capped Ram
40:25 Heavy Scorpion
40:38 Sappers
40:28 Elite Boyar
joaopessoense
11:35 Feudal Age
15:02 Castle Age
13:14 Double-Bit Axe
14:05 Horse Collar
16:06 Heavy Plow
19:04 Bow Saw
21:41 Wheelbarrow
21:41 Stone Mining
21:45 Gold Mining
23:19 Hand Cart
22:50 Loom
24:56 Gold Shaft Mining
25:25 Stone Mining
29:16 Imperial Age
27:00 Husbandry
27:10 Bloodlines
26:57 Town Watch
28:05 Ballistics
29:13 Scale Barding Armor
29:20 Forging
29:29 Tusk Swords
30:40 Crop Rotation
30:47 Elite Ballista Elephant
30:50 Elite Battle Elephant
32:22 Chain Barding Armor
32:54 Stone Shaft Mining
32:55 Double Crossbow
33:15 Conscription
33:16 Fletching
34:35 Chemistry
34:13 Iron Casting
34:18 Conscription
38:04 Plate Barding Armor
38:30 Blast Furnace
秋秋风落叶
10:47 Feudal Age
15:36 Castle Age
13:36 Double-Bit Axe
13:34 Horse Collar
15:38 Gold Mining
15:40 Stone Mining
17:30 Bow Saw
20:43 Loom
23:43 Heavy Plow
24:56 Wheelbarrow
25:26 Fortified Wall
30:00 Imperial Age
28:35 Hand Cart
28:06 Town Watch
29:05 Gold Shaft Mining
29:17 Sanctity
29:01 Husbandry
28:23 Light Cavalry
30:00 Scale Barding Armor
29:56 Scale Mail Armor
30:07 Forging
31:18 Chain Barding Armor
31:01 Murder Holes
31:17 Masonry
31:37 Conscription
30:42 Cavalier
32:43 Iron Casting
34:08 Plate Barding Armor
33:25 Fletching
34:28 Warwolf
37:55 Two-Man Saw
37:09 Fervor
38:03 Chemistry
37:25 Ballistics
39:15 Blast Furnace
39:22 Elite Longbowman
40:43 Hoardings
39:39 Spies/Treason
41:01 Yeomen
40:51 Bodkin Arrow
40:58 Padded Archer Armor
41:08 Siege Engineers
40:44 Treadmill Crane
41:34 Architecture
PuTao
10:28 Feudal Age
14:16 Castle Age
12:18 Double-Bit Axe
12:18 Horse Collar
19:59 Bow Saw
21:19 Heavy Plow
29:11 Imperial Age
27:26 Wheelbarrow
26:37 Loom
28:13 Forging
28:08 Scale Barding Armor
28:32 Gold Mining
28:32 Stone Mining
29:22 Iron Casting
29:45 Chain Barding Armor
30:09 Conscription
30:03 Bloodlines
29:38 Cavalier
30:20 Husbandry
31:33 Blast Furnace
31:09 Careening
31:38 Hoardings
30:33 Sappers
32:37 Plate Barding Armor
32:38 Crop Rotation
33:10 Two-Man Saw
31:56 Sappers
32:42 Savar
YanYan
10:24 Feudal Age
14:37 Castle Age
13:09 Double-Bit Axe
14:16 Loom
21:15 Horse Collar
26:43 Wheelbarrow
28:29 Gold Mining
28:29 Stone Mining
31:44 Imperial Age
29:48 Ballistics
29:32 Fletching
29:42 Padded Archer Armor
30:21 Bow Saw
30:21 Heavy Plow
31:01 Bodkin Arrow
31:52 Gold Shaft Mining
31:51 Yeomen
31:52 Leather Archer Armor
32:35 Hand Cart
32:46 Conscription
33:29 Chemistry
32:31 Bracer
33:01 Ring Archer Armor
33:54 Two-Man Saw
33:47 Ring Archer Armor
33:24 Elite Longbowman
33:39 Pikeman
35:16 Murder Holes
37:35 Pikeman
38:16 Squires
38:01 Arson
38:02 Gambesons
adam
10:03 Feudal Age
14:15 Castle Age
12:31 Double-Bit Axe
31:06 Imperial Age
29:49 Scale Barding Armor
29:55 Forging
31:59 Chain Barding Armor
32:15 Iron Casting
31:38 Gold Mining
32:26 Wheelbarrow
31:39 Loom
32:28 Chivalry
32:50 Conscription
32:35 Chivalry
32:02 Cavalier
33:05 Paladin
33:46 Husbandry
34:38 Plate Barding Armor
35:07 Blast Furnace
35:20 Hand Cart
36:04 Gold Shaft Mining
獨居老毛
12:05 Feudal Age
14:03 Double-Bit Axe
16:42 Castle Age
21:58 Imperial Age
19:36 Gold Mining
22:37 Bow Saw
24:58 Fletching
25:37 Loom
26:15 Stone Mining
27:03 Bodkin Arrow
28:15 Padded Archer Armor
29:20 Chemistry
28:32 Fortified Wall
28:52 Elite Skirmisher
30:40 Thumb Ring
30:53 Leather Archer Armor
32:44 Ring Archer Armor
32:14 Bracer
33:22 Two-Man Saw
34:24 Pikeman
35:56 Scale Mail Armor
37:41 Forging
37:46 Chain Mail Armor
37:07 Halberdier
39:30 Iron Casting
40:04 Plate Mail Armor
41:17 Blast Furnace
Connection lost

Rejoining the realm…

Still unreachable

The connection could not be restored.

Session expired

The server has moved on; the page needs a fresh start.